[Event "Titled Tuesday Blitz December 20 Late 2022"]
[White "Bortnyk, Mykola"]
[Black "Carbone, Diego"]
[WhiteFideId "14120836"]
[BlackFideId "3002179"]
[WhiteElo "2582"]
[BlackElo "2266"]
[Result "1-0"]
[Round "01"]
[TimeControl "180+1"]
[Date "2022.12.20"]
[WhiteClock "0:02:12"]
[BlackClock "0:01:57"]

1. e4 e5 2. Nf3 Nc6 3. Bb5 a6 4. Ba4 Nf6 5. Qe2 b5 6. Bb3 Bc5 7. a4 Rb8 8. axb5 axb5 9. Nc3 b4 10. Nd5 h6 11. Qc4 d6 12. Nxb4 d5 13. Nxd5 Qd6 14. Nxf6+ 1-0


[Site "https://www.chess.com"]

[Event "Titled Tuesday Blitz December 20 Late 2022"]
[White "Bortnyk, Olexandr"]
[Black "Moreno Perez, Tobias Sebastian"]
[WhiteFideId "14120828"]
[BlackFideId "186716"]
[WhiteElo "2723"]
[BlackElo "2259"]
[Result "1-0"]
[Round "01"]
[TimeControl "180+1"]
[Date "2022.12.20"]
[WhiteClock "0:00:13"]
[BlackClock "0:00:01"]

1. e4 c6 2. c4 d5 3. cxd5 cxd5 4. exd5 Nf6 5. Qa4+ Nbd7 6. Nc3 g6 7. Bc4 Bg7 8. d3 a6 9. Nf3 Rb8 10. Bb3 O-O 11. Qh4 b5 12. Bf4 Ra8 13. O-O Nb6 14. Ng5 Nh5 15. Be3 b4 16. Qxb4 Rb8 17. Rfe1 Bd7 18. Qh4 h6 19. Nge4 a5 20. d6 e6 21. Qxd8 Rfxd8 22. Nc5 a4 23. Nxd7 Rxd7 24. Nxa4 Nxa4 25. Bxa4 Rxd6 26. g4 Ra6 27. Bb3 Nf6 28. h3 Nd5 29. Rab1 Nb4 30. Bc4 Raa8 31. Bf4 Rd8 32. a3 Nxd3 33. Bxd3 Rxd3 34. Re3 Rad8 35. b4 g5 36. Bg3 Rxe3 37. fxe3 Rd3 38. b5 f5 39. b6 f4 40. b7 Be5 41. b8=Q+ Bxb8 42. Rxb8+ Kf7 43. Bf2 fxe3 44. Be1 Rxa3 45. Rb2 Rd3 46. Kg2 Kg6 47. Re2 h5 48. Kf3 hxg4+ 49. hxg4 Rd4 50. Rxe3 Rf4+ 51. Kg3 Kf7 52. Rf3 e5 53. Bd2 Rxf3+ 54. Kxf3 Kg6 55. Ke4 Kf6 56. Bc3 Ke6 57. Bxe5 Kf7 58. Kf5 1-0


[Site "https://www.chess.com"]

[Event "Titled Tuesday Blitz December 20 Late 2022"]
[White "Boruchovsky, Avital"]
[Black "Dudzinski, Pawel"]
[WhiteFideId "2800055"]
[BlackFideId "1117890"]
[WhiteElo "2450"]
[BlackElo "2099"]
[Result "1-0"]
[Round "01"]
[TimeControl "180+1"]
[Date "2022.12.21"]
[WhiteClock "0:00:33"]
[BlackClock "0:00:09"]

1. c4 e5 2. Nc3 c5 3. g3 Nc6 4. Bg2 g6 5. e3 Bg7 6. Nge2 Nge7 7. O-O O-O 8. a3 d6 9. Rb1 Be6 10. d3 d5 11. cxd5 Nxd5 12. b4 cxb4 13. Nxd5 Bxd5 14. axb4 Bxg2 15. Kxg2 Qd5+ 16. e4 Qd7 17. b5 Nd4 18. Nxd4 Qxd4 19. Be3 Qd7 20. Qb3 Rfd8 21. Rfd1 Rdc8 22. Ra1 a6 23. bxa6 Rxa6 24. Rxa6 bxa6 25. Ra1 Qb5 26. Qa3 Rc6 27. Qe7 Bf8 28. Qe8 Rd6 29. Qxb5 axb5 30. Ra8 f5 31. Bh6 Rf6 32. Rb8 b4 33. Bxf8 Rxf8 34. Rxb4 Rf7 35. Rb5 Re7 36. exf5 gxf5 37. d4 exd4 38. Rxf5 Rd7 39. Kf1 Rf7 40. Rxf7 Kxf7 41. Ke2 Ke6 42. Kd3 Ke5 43. f4+ Kf5 44. Kxd4 h5 45. Ke3 Kg4 46. Ke4 h4 47. gxh4 Kxh4 48. f5 1-0


[Site "https://www.chess.com"]

[Event "Titled Tuesday Blitz December 20 Late 2022"]
[White "Brodowski, Piotr"]
[Black "Rodriguez Santiago, Jaime"]
[WhiteFideId "1124480"]
[BlackFideId "3100898"]
[WhiteElo "2351"]
[BlackElo "2025"]
[Result "1-0"]
[Round "01"]
[TimeControl "180+1"]
[Date "2022.12.21"]
[WhiteClock "0:01:55"]
[BlackClock "0:00:37"]

1. c4 e5 2. Nc3 Nf6 3. g3 Bb4 4. Bg2 Bxc3 5. bxc3 d6 6. e4 Nc6 7. d3 O-O 8. Nh3 b6 9. O-O h6 10. f4 Bg4 11. Qc2 Na5 12. Nf2 Bd7 13. Be3 Qe8 14. Qd2 Rd8 15. h3 exf4 16. gxf4 Bc8 17. Kh2 Ba6 18. Rg1 Kh7 19. Bf3 Ng8 20. Rg3 Rd7 21. Rag1 f5 22. exf5 Re7 23. Ne4 Rxf5 24. Bd4 g5 25. fxg5 c5 26. g6+ 1-0


[Site "https://www.chess.com"]

[Event "Titled Tuesday Blitz December 20 Late 2022"]
[White "Bryakin, Mikhail"]
[Black "Yeritsyan, Hayk"]
[WhiteFideId "4165314"]
[BlackFideId "13307320"]
[WhiteElo "2391"]
[BlackElo "2428"]
[Result "1-0"]
[Round "01"]
[TimeControl "180+1"]
[Date "2022.12.21"]
[WhiteClock "0:00:21"]
[BlackClock "0:00:02"]

1. Nf3 d5 2. e3 Nf6 3. d4 e6 4. Bd3 Bd6 5. O-O Nbd7 6. b3 Qe7 7. Bb2 e5 8. dxe5 Nxe5 9. Nxe5 Bxe5 10. Bxe5 Qxe5 11. Nd2 O-O 12. Nf3 Qe7 13. h3 c6 14. Qe2 Be6 15. c4 dxc4 16. Bxc4 Bxc4 17. Qxc4 Rad8 18. Rfd1 Rxd1+ 19. Rxd1 Rd8 20. Rd4 Rxd4 21. Qxd4 a6 22. Ne5 g6 23. Nd3 h5 24. Nc5 Nd5 25. g3 b6 26. Nxa6 Qa3 27. Nc7 Nxc7 28. Qd8+ Kg7 29. Qxc7 Qxa2 30. Qxb6 Qb1+ 31. Kh2 Qc2 32. Kg1 Qb1+ 33. Kh2 Qc2 34. Qd4+ Kh7 35. Qf6 Kg8 36. b4 Qe4 37. Qf4 Qb1 38. Kg2 Qb3 39. Qd4 Kh7 40. g4 hxg4 41. hxg4 Qe6 42. Kg3 Kg8 43. f4 Kh7 44. Kf3 Kg8 45. Qc5 Qb3 46. f5 gxf5 47. gxf5 Kg7 48. Kf4 Qb1 49. f6+ Kg6 50. Qg5+ Kh7 51. Qg7# 1-0


[Site "https://www.chess.com"]

[Event "Titled Tuesday Blitz December 20 Late 2022"]
[White "Bryant, Todd"]
[Black "Suder, Jakub"]
[WhiteFideId "2031299"]
[BlackFideId "1195310"]
[WhiteElo "2360"]
[BlackElo "2245"]
[Result "0-1"]
[Round "01"]
[TimeControl "180+1"]
[Date "2022.12.21"]
[WhiteClock "0:00:15"]
[BlackClock "0:00:10"]

1. e4 c5 2. Nf3 e6 3. d4 cxd4 4. Nxd4 Nc6 5. Nc3 Nf6 6. Ndb5 d6 7. Bf4 e5 8. Bg5 a6 9. Na3 Be6 10. Nc4 Rb8 11. Nd5 Bxd5 12. exd5 Ne7 13. Bxf6 gxf6 14. Ne3 f5 15. Qf3 Qd7 16. g3 Bg7 17. c3 e4 18. Qh5 Rc8 19. Bh3 Rxc3 20. O-O Rc5 21. Nxf5 Nxf5 22. Bxf5 Qc7 23. Bxe4 Kd8 24. Qg5+ f6 25. Qf5 Qd7 26. Qh5 Rf8 27. Qxh7 f5 28. Bg2 Bxb2 29. Qxd7+ Kxd7 30. Rab1 Rc2 31. h4 b5 32. Bh3 Kc7 33. Kg2 Kb6 34. Kf3 a5 35. Kf4 Rc4+ 36. Kg5 Bf6+ 37. Kg6 f4 38. g4 Bxh4 39. f3 Rg8+ 40. Kf5 Rf8+ 41. Kg6 Rc5 42. Rfd1 Rf6+ 43. Kh5 Bf2 44. g5 Rf8 45. g6 Rcc8 46. Bf5 Rxf5+ 47. Kg4 Rff8 48. Kg5 Be3 49. Rh1 Rg8 50. Rh7 Bd4 51. Re1 Be5 52. Re4 b4 53. Kh6 Kb5 54. g7 Rb8 55. Kg6 a4 56. Kf7 b3 57. axb3 axb3 58. Re1 b2 59. Ke6 Kb4 60. Kf7 Kb3 61. Rh2 Rxg7+ 62. Ke6 Rgb7 63. Kf5 Ka2 64. Ree2 Ka3 65. Ke6 b1=Q 66. Ra2+ Qxa2 67. Rc2 Qxd5+ 68. Kxd5 Rb5+ 69. Ke4 Rb4+ 70. Kd3 Rb3+ 71. Kd2 Rb2 72. Kc1 Rxc2+ 73. Kd1 Rb1+ 74. Kxc2 Rb3 75. Kd1 Rd3+ 76. Kc2 Rxf3 77. Kd1 Rh3 78. Ke2 Kb4 79. Kf1 Kc4 80. Kg2 Ra3 81. Kh1 Kd4 82. Kg2 Ke4 83. Kh1 Kf5 0-1


[Site "https://www.chess.com"]

[Event "Titled Tuesday Blitz December 20 Late 2022"]
[White "Burke, Paul"]
[Black "Pham, Khoi"]
[WhiteFideId "2605767"]
[BlackFideId "1054988"]
[WhiteElo "1783"]
[BlackElo "2510"]
[Result "0-1"]
[Round "01"]
[TimeControl "180+1"]
[Date "2022.12.21"]
[WhiteClock "0:00:06"]
[BlackClock "0:00:48"]

1. e4 c6 2. d4 d5 3. exd5 cxd5 4. c4 Nf6 5. Nc3 g6 6. Nf3 Bg7 7. Be2 O-O 8. O-O dxc4 9. Bxc4 Nc6 10. d5 Na5 11. Be2 b6 12. Bf4 Nb7 13. Be5 Nd6 14. h3 Bb7 15. Qd2 Rc8 16. Rad1 Qd7 17. Rfe1 Rfd8 18. Bxd6 Qxd6 19. Bf1 Nxd5 20. Nxd5 Bxd5 21. Ba6 Rc7 22. a3 Bxf3 23. Qxd6 exd6 24. gxf3 Bxb2 25. Rd2 Bxa3 26. Red1 Re8 27. Rd3 Bc5 28. Bb5 Re2 29. Rxd6 Rxf2 30. Rd8+ Kg7 31. Kh1 Rxf3 32. R8d7 Rxd7 33. Rxd7 Rxh3+ 34. Kg2 Re3 35. Rxa7 h5 36. Bc4 Re7 37. Kg3 Rxa7 0-1


[Site "https://www.chess.com"]

[Event "Titled Tuesday Blitz December 20 Late 2022"]
[White "Caruana, Fabiano"]
[Black "Sanchez Alvares, Kelvin Antonio"]
[WhiteFideId "2020009"]
[BlackFideId "3906680"]
[WhiteElo "2847"]
[BlackElo "2217"]
[Result "1-0"]
[Round "01"]
[TimeControl "180+1"]
[Date "2022.12.20"]
[WhiteClock "0:01:09"]
[BlackClock "0:01:13"]

1. c4 Nf6 2. Nc3 c5 3. g3 g6 4. Bg2 Bg7 5. Nf3 O-O 6. O-O Nc6 7. d4 d6 8. d5 Na5 9. Nd2 a6 10. Rb1 Bf5 11. e4 Bg4 12. Qc2 Rb8 13. a4 Bd7 14. b3 b5 15. axb5 axb5 16. Bb2 bxc4 17. bxc4 Rb4 18. Na2 Ba4 19. Qd3 Rb8 20. Nc3 Bd7 21. h3 Rb4 22. Ba3 Rxb1 23. Rxb1 Qc7 24. Nb5 Bxb5 25. Rxb5 Rb8 26. Qb1 Rxb5 27. Qxb5 Nd7 28. Kh2 Bc3 29. Nf3 Qb7 30. Bf1 Qxb5 31. cxb5 Nb6 32. Bc1 f6 33. h4 Kf7 34. h5 Nb3 35. Be3 Nd4 36. Nxd4 cxd4 37. Bc1 f5 38. exf5 gxf5 39. Bd3 Kf6 40. g4 fxg4 41. Bxh7 Nxd5 42. h6 Nb6 43. Kg3 e5 44. Kxg4 d5 45. Bg5+ Kf7 46. Kf5 e4 47. Bg6+ Kg8 48. h7+ Kh8 49. Bf6# 1-0


[Site "https://www.chess.com"]

[Event "Titled Tuesday Blitz December 20 Late 2022"]
[White "Chigaev, Maksim"]
[Black "TheKnightOfBosnia"]
[WhiteFideId "4108116"]
[WhiteElo "2542"]
[BlackElo "2470"]
[Result "1-0"]
[Round "01"]
[TimeControl "180+1"]
[Date "2022.12.21"]
[WhiteClock "0:00:11"]
[BlackClock "0:00:07"]

1. e4 e5 2. Nf3 Nc6 3. Bb5 a6 4. Ba4 Nf6 5. O-O b5 6. Bb3 Bb7 7. d3 Be7 8. a3 h6 9. Nc3 d6 10. Ba2 Nd4 11. Nxd4 exd4 12. Ne2 c5 13. Ng3 Bc8 14. Qf3 Be6 15. Nf5 Bxf5 16. Qxf5 Qd7 17. Qxd7+ Nxd7 18. Bd5 Rb8 19. a4 b4 20. a5 O-O 21. f4 Bd8 22. Bd2 Bc7 23. g3 Rfd8 24. h3 Kf8 25. Kg2 f6 26. h4 Ke7 27. h5 Rb5 28. Bc4 Rxa5 29. Rxa5 Bxa5 30. Ra1 Bc7 31. Rxa6 Nb6 32. Ra7 Kd7 33. Bb5+ Kc8 34. Kf3 Kb8 35. Ra1 Kb7 36. b3 d5 37. Kg4 dxe4 38. dxe4 Nc8 39. Ba6+ Kb6 40. Bxc8 Rxc8 41. Kf5 Rd8 42. Kg6 d3 43. Rc1 Rd7 44. cxd3 Rxd3 45. Be1 Rd7 46. Bf2 Bd6 47. e5 fxe5 48. fxe5 Bxe5 49. Rxc5 Rd6+ 50. Kh7 Bxg3 51. Rd5+ Kc6 52. Rxd6+ Bxd6 53. Bd4 Kd5 54. Bxg7 Ke4 55. Kxh6 Bf4+ 56. Kg6 Kd3 57. Bh6 Be5 58. Bf8 Kc2 59. h6 Kxb3 60. Bg7 1-0


[Site "https://www.chess.com"]

[Event "Titled Tuesday Blitz December 20 Late 2022"]
[White "Cilek, Bora"]
[Black "Biernacki, Mark"]
[WhiteFideId "34502165"]
[BlackFideId "2082322"]
[WhiteElo "2108"]
[BlackElo "1970"]
[Result "1-0"]
[Round "01"]
[TimeControl "180+1"]
[Date "2022.12.21"]
[WhiteClock "0:00:14"]
[BlackClock "0:00:05"]

1. e4 c5 2. c3 Nf6 3. e5 Nd5 4. d4 cxd4 5. cxd4 e6 6. Nf3 d6 7. Bc4 Be7 8. O-O O-O 9. Re1 Bd7 10. Bxd5 exd5 11. Nc3 Bc6 12. Qb3 dxe5 13. Nxe5 Bf6 14. Be3 Nd7 15. Nxd5 Bxe5 16. dxe5 Nxe5 17. Rad1 Qh4 18. Bc5 Ng4 19. h3 Bxd5 20. Rxd5 Nf6 21. Rd4 Qh5 22. Bxf8 Rxf8 23. Qxb7 Qc5 24. Red1 h6 25. Rd8 Rxd8 26. Rxd8+ Kh7 27. Qb3 Ne4 28. Qe3 Qa5 29. Qxe4+ f5 30. Qe8 Qxa2 31. Qh8+ Kg6 32. Rd6+ Kh5 33. Qe8+ Kg5 34. Qe7+ Kf4 35. g3+ Kf3 36. Qe3# 1-0


[Site "https://www.chess.com"]

[Event "Titled Tuesday Blitz December 20 Late 2022"]
[White "Colpe, Malte"]
[Black "Perez Ponsa, Federico"]
[WhiteFideId "24623075"]
[BlackFideId "117927"]
[WhiteElo "2328"]
[BlackElo "2592"]
[Result "1-0"]
[Round "01"]
[TimeControl "180+1"]
[Date "2022.12.21"]
[WhiteClock "0:00:11"]
[BlackClock "0:01:28"]

1. e4 c6 2. Nc3 d5 3. Nf3 dxe4 4. Nxe4 Nf6 5. Nxf6+ exf6 6. d4 Bd6 7. Be3 O-O 8. Qd2 Nd7 9. Be2 Re8 10. O-O Nf8 11. Rfe1 Bg4 12. h3 Bh5 13. c4 Bc7 14. Rad1 Qd6 15. c5 Qd7 16. d5 Bxf3 17. Bxf3 cxd5 18. Qxd5 Qxd5 19. Bxd5 Rab8 20. b4 Ne6 21. g3 h5 22. h4 a6 23. a4 Be5 24. a5 Nc7 25. Bf3 g6 26. Rd7 Kf8 27. Red1 f5 28. Bg2 Kg7 29. Bf4 Bxf4 30. gxf4 Ne6 31. Rxb7 Nxf4 32. Rdd7 Rxb7 33. Bxb7 Re1+ 34. Kh2 Rb1 35. c6 Ne6 36. c7 Nxc7 37. Rxc7 Rxb4 38. Bxa6 Rxh4+ 39. Kg2 Ra4 40. Rc5 Kf6 41. Bb7 Ke7 42. a6 Kd6 43. Rc8 h4 44. Ra8 Kc7 45. Rf8 Ra3 46. Rxf7+ Kb6 47. Rg7 h3+ 48. Kh2 Ra2 49. Rxg6+ Kc5 50. Kg3 Ra3+ 51. Kh2 Ra2 52. Kxh3 Kd4 53. Kg3 Ke5 54. Rb6 Ra3+ 55. Kg2 Kf4 56. Rb5 Ra4 57. Bc8 Ke4 58. Bxf5+ Kd4 59. Bc8 Kc4 60. Rb8 Kc5 61. Ra8 Kb6 62. a7 Rg4+ 63. Bxg4 Kb7 64. Rf8 Kxa7 65. f4 Kb6 66. Rc8 Kb7 67. Kf3 Kb6 68. f5 Kb7 69. f6 Kb6 70. f7 Kb5 71. f8=Q Ka4 72. Qc5 Kb3 73. Rb8+ Ka2 74. Qa7# 1-0


[Site "https://www.chess.com"]

[Event "Titled Tuesday Blitz December 20 Late 2022"]
[White "Cruz Mendez, Jean Marco"]
[Black "Curtis, John"]
[WhiteFideId "3526402"]
[BlackFideId "3200256"]
[WhiteElo "2064"]
[BlackElo "2203"]
[Result "1-0"]
[Round "01"]
[TimeControl "180+1"]
[Date "2022.12.21"]
[WhiteClock "0:00:25"]
[BlackClock "0:00:01"]

1. e4 c5 2. Nf3 d6 3. Bc4 e6 4. O-O Nf6 5. d3 a6 6. c3 b5 7. Bb3 Be7 8. Nbd2 Bb7 9. Re1 Nc6 10. d4 cxd4 11. cxd4 Na5 12. Bc2 Rc8 13. Nb3 Nxb3 14. axb3 d5 15. e5 Nd7 16. Bd2 Nb8 17. Rc1 Nc6 18. Bb1 g6 19. g3 Qb6 20. Be3 Kd7 21. h4 Nb4 22. Qe2 Rxc1 23. Rxc1 Rc8 24. Rxc8 Kxc8 25. Qd2 Qc7 26. Kg2 Nc6 27. Bg5 Bf8 28. h5 h6 29. Bxh6 Bb4 30. Qc1 gxh5 31. Qg5 Kb8 32. Qxh5 Na5 33. Be3 Nxb3 34. Qh8+ Ka7 35. Qf6 Qe7 36. Ng5 Qxf6 37. exf6 e5 38. Nxf7 exd4 39. Bf4 d3 40. Bxd3 d4+ 41. Kh2 Nc5 42. Be2 Nd7 43. Be5 Bd5 44. Bxd4+ Kb7 45. Ne5 Nxf6 46. Nd3 Be7 47. g4 Ne4 48. f3 Nd2 49. Kg3 Bd6+ 50. Kf2 a5 51. Nc5+ Kc6 52. Nd3 a4 53. Ke3 Nc4+ 54. Kf2 b4 55. g5 a3 56. bxa3 bxa3 57. g6 Bg8 58. f4 Nd2 59. f5 Ne4+ 60. Ke3 Ng3 61. Bg4 a2 62. f6 Bc4 63. f7 Bxd3 64. Kxd3 1-0


[Site "https://www.chess.com"]

[Event "Titled Tuesday Blitz December 20 Late 2022"]
[White "Delorme, Alban"]
[Black "Fiorito, Francisco"]
[WhiteFideId "623636"]
[BlackFideId "180165"]
[WhiteElo "2196"]
[BlackElo "2348"]
[Result "1/2-1/2"]
[Round "01"]
[TimeControl "180+1"]
[Date "2022.12.21"]
[WhiteClock "0:00:09"]
[BlackClock "0:00:14"]

1. e4 c5 2. Nf3 Nc6 3. d4 cxd4 4. Nxd4 g6 5. Nc3 Bg7 6. Be3 Nf6 7. Bc4 O-O 8. Bb3 Re8 9. O-O d6 10. f3 Na5 11. Qd2 b6 12. Bh6 Bb7 13. Bxg7 Kxg7 14. Rad1 Qc7 15. Kh1 Qc5 16. a3 Rac8 17. Ba2 Nc4 18. Qc1 a6 19. Na4 Qa5 20. Bxc4 Rxc4 21. b3 Rcc8 22. Qe3 b5 23. Nb6 Qc3 24. Qg5 Rc5 25. Qc1 Rh5 26. Ne2 Qc5 27. Nf4 Qxb6 28. Nxh5+ Nxh5 29. c4 Nf6 30. cxb5 Qxb5 31. Qb2 Rc8 32. Rfe1 Rc5 33. b4 Rc7 34. e5 dxe5 35. Rxe5 Qc4 36. Rde1 e6 37. Rc5 Rxc5 38. bxc5 Bd5 39. Qb4 Qxb4 40. axb4 Ne8 41. Kg1 Nc7 42. Kf2 f5 43. Ra1 Kf6 44. Ke3 e5 45. Kd3 Ke6 46. g3 Kd7 47. f4 e4+ 48. Kd4 Ke6 49. h3 Bc6 50. g4 Bb7 51. gxf5+ gxf5 52. Rg1 Nb5+ 53. Ke3 Kf7 54. Rg5 Bc8 55. Rh5 Kg7 56. Rg5+ Kf7 57. Rh5 Kg6 58. Rg5+ Kf7 1/2-1/2


[Site "https://www.chess.com"]

[Event "Titled Tuesday Blitz December 20 Late 2022"]
[White "Delorme, Axel"]
[Black "Mikhailov, Viacheslav"]
[WhiteFideId "632023"]
[BlackFideId "4187369"]
[WhiteElo "2478"]
[BlackElo "2381"]
[Result "0-1"]
[Round "01"]
[TimeControl "180+1"]
[Date "2022.12.21"]
[WhiteClock "0:00:04"]
[BlackClock "0:00:20"]

1. e4 d6 2. d4 Nf6 3. Nc3 g6 4. Be3 Bg7 5. Qd2 O-O 6. Bh6 e5 7. Nge2 exd4 8. Nxd4 Nc6 9. Bxg7 Kxg7 10. O-O-O Re8 11. f3 Be6 12. g4 h5 13. g5 Nh7 14. Nxe6+ Rxe6 15. Bc4 Re8 16. f4 a6 17. h4 Qd7 18. Rhf1 Rf8 19. Bd5 Rae8 20. Rde1 b5 21. Bxc6 Qxc6 22. Qd4+ Kg8 23. Nd5 Qd7 24. f5 c6 25. Nf6+ Nxf6 26. Qxf6 Qe7 27. fxg6 Qxf6 28. Rxf6 d5 29. gxf7+ Rxf7 30. Rxf7 Kxf7 31. Rf1+ Kg7 32. exd5 cxd5 33. Rf4 Re2 34. a4 Rg2 35. axb5 axb5 36. b4 Kg6 37. c3 Kg7 38. Kd1 Rh2 39. Kc1 Kg6 40. Rf6+ Kg7 41. Rf5 Rxh4 42. Rxd5 Rg4 43. Rxb5 h4 44. Ra5 h3 45. Ra2 Rg1+ 46. Kb2 Rg2+ 0-1


[Site "https://www.chess.com"]

[Event "Titled Tuesday Blitz December 20 Late 2022"]
[White "Dias, Joao Batista"]
[Black "Hirneise, Jens"]
[WhiteFideId "2108240"]
[BlackFideId "24614734"]
[WhiteElo "1898"]
[BlackElo "2345"]
[Result "1/2-1/2"]
[Round "01"]
[TimeControl "180+1"]
[Date "2022.12.21"]
[WhiteClock "0:00:16"]
[BlackClock "0:00:12"]

1. e4 c5 2. Nf3 e6 3. d4 cxd4 4. Nxd4 Nf6 5. Bd3 Nc6 6. Nxc6 bxc6 7. O-O d5 8. b3 dxe4 9. Bc4 Qc7 10. Bb2 Bd6 11. h3 Be5 12. Bxe5 Qxe5 13. Nd2 O-O 14. Re1 c5 15. Qe2 Bb7 16. Rad1 Rfd8 17. Nf1 Nd5 18. Qg4 f5 19. Qg5 h6 20. Qh4 Nf6 21. Ne3 Kh7 22. Rxd8 Rxd8 23. Nf1 g5 24. Qg3 f4 25. Qh2 Qc3 26. Re2 Rd1 27. h4 Ng4 28. Qh3 Qxh3 29. gxh3 Ne5 30. Bxe6 Nf3+ 31. Kg2 Nxh4+ 32. Kg1 e3 33. fxe3 f3 34. Rd2 Rxd2 35. Nxd2 Kg7 36. Kf2 h5 37. e4 Kf6 38. Bd7 Ke7 39. Bf5 Nxf5 40. exf5 Kf6 41. Nxf3 Kxf5 42. Nd2 Bd5 43. Nf1 Kf4 44. Ne3 Be4 45. c3 g4 46. hxg4 hxg4 47. Nf1 Bd3 48. Ng3 a5 49. a3 Bc2 50. b4 cxb4 51. cxb4 axb4 52. axb4 Bd3 53. Nh1 Be4 54. Ng3 Bf3 55. Nf1 Bc6 56. Ng3 Bb5 57. Nh1 Bc6 58. Ng3 Bb7 59. Nf1 Ba6 60. Ng3 Bc4 61. Nh1 Bd5 62. Ng3 Bc6 63. Nf1 Bf3 64. b5 Bd5 65. b6 Bb7 66. Ng3 Ke5 67. Ke3 Kd6 68. Kf4 Kc6 69. Ne4 Kxb6 70. Nf6 g3 71. Kxg3 1/2-1/2


[Site "https://www.chess.com"]

[Event "Titled Tuesday Blitz December 20 Late 2022"]
[White "Domingo Nunez, Ruben"]
[Black "Ansh M Shah"]
[WhiteFideId "22245570"]
[BlackFideId "25033379"]
[WhiteElo "2406"]
[BlackElo "2084"]
[Result "1/2-1/2"]
[Round "01"]
[TimeControl "180+1"]
[Date "2022.12.21"]
[WhiteClock "0:00:12"]
[BlackClock "0:00:09"]

1. c4 c5 2. Nc3 Nf6 3. Nf3 Nc6 4. g3 g6 5. Bg2 Bg7 6. O-O O-O 7. d4 cxd4 8. Nxd4 a6 9. Bg5 h6 10. Nxc6 dxc6 11. Be3 Be6 12. c5 Qxd1 13. Rfxd1 Rfd8 14. h3 Kf8 15. Bd4 Ke8 16. e4 Rd7 17. Be3 Rxd1+ 18. Rxd1 Rd8 19. Rxd8+ Kxd8 20. Kf1 Nd7 21. a4 Bc4+ 22. Ke1 Ne5 23. Kd2 a5 24. f4 Nd3 25. b3 Ba6 26. e5 Nb4 27. Be4 e6 28. g4 Bf1 29. h4 Bh3 30. Bf3 Bf1 31. Ne4 Ba6 32. Nd6 Ke7 33. Bd4 f6 34. Be4 fxe5 35. fxe5 g5 36. hxg5 hxg5 37. Bf3 Nd5 38. Ne4 Bh6 39. Bf2 Nf4 40. Ke3 Ng6 41. Kd4 Bg7 42. Bg3 Bh6 43. Nf6 Bg7 44. Ne4 Bh6 45. Nd6 Bg7 46. Be4 Nf8 47. Nc8+ Kd8 48. Nd6 Ke7 49. Be1 Nd7 50. Bg3 Nf8 1/2-1/2


[Site "https://www.chess.com"]

[Event "Titled Tuesday Blitz December 20 Late 2022"]
[White "Dong, Bao Nghia"]
[Black "benny_aizenberg"]
[WhiteFideId "12400343"]
[WhiteElo "2305"]
[BlackElo "2375"]
[Result "1/2-1/2"]
[Round "01"]
[TimeControl "180+1"]
[Date "2022.12.21"]
[WhiteClock "0:01:13"]
[BlackClock "0:00:34"]

1. d4 f5 2. Bf4 Nf6 3. e3 d6 4. h3 g6 5. Nf3 Bg7 6. Bc4 e6 7. O-O Qe7 8. a4 O-O 9. Bh2 Kh8 10. Nbd2 Nbd7 11. c3 e5 12. b4 Nh5 13. Kh1 f4 14. exf4 exf4 15. Re1 Qd8 16. Ne4 Nb6 17. Bb3 Bf5 18. Neg5 Qd7 19. a5 Nc8 20. Ne6 Bxe6 21. Bxe6 Qc6 22. Qd3 Ne7 23. b5 Qe8 24. Re2 a6 25. bxa6 Rxa6 26. Bc4 Ra8 27. Rae1 Bf6 28. a6 bxa6 29. Bxa6 Qa4 30. Bb5 Qb3 31. Rxe7 Bxe7 32. Rxe7 Ra1+ 33. Re1 Rfa8 34. Bg1 Rxe1 35. Nxe1 Ra1 36. Nf3 Qb1 37. Qe2 Qf5 38. Qe8+ Kg7 39. Qe7+ Qf7 40. Qxf7+ Kxf7 41. c4 Kf6 42. Kh2 Rc1 43. g4 Ng7 44. Kg2 Ne6 45. Bh2 g5 46. h4 h6 47. hxg5+ hxg5 48. d5 Nc5 49. Nd2 Rc2 50. Nf3 Ne4 51. Bg1 Rc1 52. Nd4 Ke5 53. Nc6+ Kf6 54. f3 Rc2+ 55. Kf1 Ng3+ 56. Ke1 Rc1+ 57. Kf2 Rc2+ 58. Ke1 Rc1+ 59. Kf2 Rc2+ 60. Ke1 1/2-1/2


[Site "https://www.chess.com"]

[Event "Titled Tuesday Blitz December 20 Late 2022"]
[White "Dubov, Daniil"]
[Black "Ronka, Erik"]
[WhiteFideId "24126055"]
[BlackFideId "505080"]
[WhiteElo "2792"]
[BlackElo "2264"]
[Result "1-0"]
[Round "01"]
[TimeControl "180+1"]
[Date "2022.12.20"]
[WhiteClock "0:01:11"]
[BlackClock "0:00:01"]

1. d4 d5 2. Nf3 Nf6 3. c4 e6 4. g3 dxc4 5. Bg2 a6 6. O-O Nc6 7. Qc2 Nxd4 8. Nxd4 Qxd4 9. Rd1 Qb6 10. Nd2 Be7 11. Nxc4 Qb5 12. a4 Qh5 13. h3 O-O 14. e4 e5 15. g4 Nxg4 16. hxg4 Bxg4 17. Rd3 Kh8 18. f3 Be6 19. Be3 f5 20. Rf1 fxe4 21. fxe4 Rxf1+ 22. Bxf1 Rf8 23. Bg2 Bxc4 24. Qxc4 Qe2 25. Qc3 Bh4 26. Qd2 Qg4 27. Qd1 Qg6 28. Rd7 Bg3 29. Rd8 Qf7 30. Rxf8+ Qxf8 31. Qd7 h6 32. Qxc7 Qb4 33. Qc8+ Kh7 34. Qf5+ Kh8 35. Bf1 Qxb2 36. Qf8+ Kh7 37. Bf2 Bxf2+ 38. Qxf2 Qb4 39. Qf5+ Kh8 40. Qxe5 Qxa4 41. Qd6 Qe8 42. e5 g6 43. e6 Kg7 44. Qe5+ Kg8 45. e7 b5 46. Bg2 b4 47. Bd5+ Kh7 48. Bc6 Qxc6 49. e8=Q Qc1+ 50. Qe1 Qg5+ 51. Kf1 Qf4+ 52. Qf2 Qc4+ 53. Kg1 Qg4+ 54. Kf1 Qd1+ 55. Qee1 Qd3+ 56. Qee2 Qh3+ 57. Kg1 Qd7 58. Qf6 Qa7+ 59. Qef2 Qb8 60. Qf7+ 1-0


[Site "https://www.chess.com"]

[Event "Titled Tuesday Blitz December 20 Late 2022"]
[White "Eric0702"]
[Black "Bluebaum, Matthias"]
[BlackFideId "24651516"]
[WhiteElo "2506"]
[BlackElo "2634"]
[Result "0-1"]
[Round "01"]
[TimeControl "180+1"]
[Date "2022.12.21"]
[WhiteClock "0:00:26"]
[BlackClock "0:02:07"]

1. d4 d5 2. Nf3 e6 3. Bf4 c5 4. e3 Nc6 5. c3 Bd6 6. Bg3 Nge7 7. Nbd2 O-O 8. Bd3 cxd4 9. exd4 f6 10. Qe2 Ng6 11. O-O Nf4 12. Bxf4 Bxf4 13. Rfe1 Bc7 14. a3 e5 15. Bb5 e4 16. Nh4 f5 17. g3 f4 18. Qh5 Be6 19. Rad1 Qf6 20. Re2 g6 21. Qh6 Bg4 22. f3 exf3 23. Ndxf3 fxg3 24. Rf1 Bf4 0-1


[Site "https://www.chess.com"]

[Event "Titled Tuesday Blitz December 20 Late 2022"]
[White "Fernandez De La Vara, Arnaldo"]
[Black "Ankerst, Mihael"]
[WhiteFideId "3518388"]
[BlackFideId "14602369"]
[WhiteElo "2387"]
[BlackElo "2364"]
[Result "1-0"]
[Round "01"]
[TimeControl "180+1"]
[Date "2022.12.21"]
[WhiteClock "0:01:12"]
[BlackClock "0:00:13"]

1. Nf3 Nf6 2. g3 g6 3. b3 Bg7 4. Bb2 a5 5. c4 a4 6. Bg2 O-O 7. O-O c5 8. d4 d6 9. Nc3 a3 10. Bc1 Nc6 11. Nb5 Qb6 12. e3 Bf5 13. Bxa3 Nb4 14. Ne1 Rfd8 15. Qe2 h5 16. h3 Bd7 17. Bxb4 cxb4 18. a4 bxa3 19. Nc2 Bxb5 20. cxb5 a2 21. Nb4 Ra5 22. Rfc1 Rxb5 23. Nxa2 Rxb3 24. Nc3 Rc8 25. Nd5 Rxc1+ 26. Rxc1 Nxd5 27. Bxd5 Rb1 28. Qc2 Rb2 29. Qxg6 e6 30. Rc8+ 1-0


[Site "https://www.chess.com"]

[Event "Titled Tuesday Blitz December 20 Late 2022"]
[White "Fernandez Siles, Luis"]
[Black "Iliaguev, Nisim"]
[WhiteFideId "2209420"]
[BlackFideId "2817276"]
[WhiteElo "2186"]
[BlackElo "2241"]
[Result "0-1"]
[Round "01"]
[TimeControl "180+1"]
[Date "2022.12.21"]
[WhiteClock "0:01:30"]
[BlackClock "0:02:41"]

1. d4 Nf6 2. c4 e6 3. Nf3 Bb4+ 4. Nbd2 O-O 5. a3 Bxd2+ 6. Qxd2 d5 7. Qg5 Ne4 8. Qxd8 Rxd8 9. cxd5 exd5 10. Ne5 c5 11. dxc5 Nxc5 12. Bf4 f6 13. Nf3 Nc6 14. e3 Bf5 15. Bb5 Nb3 16. Rd1 Bc2 0-1


[Site "https://www.chess.com"]